 Dungeon Crawl Stone Soup version 0.26.0-18-gc5c842f807 (webtiles) character file.

Game seed: 11936938270043114451

151 Marvel the Ruffian (level 5, -17/49 HPs)
             Began as a Troll Warper on Jan 23, 2021.
             Was an Initiate of Ashenzari.
             Demolished by an orc warrior
             ... wielding a +0 hand axe
              (19 damage)
             ... on level 2 of the Dungeon.
             The game lasted 00:05:39 (1971 turns).

Marvel the Ruffian (Troll Warper)                   Turns: 1971, Time: 00:05:40

Health: -17/49     AC:  6    Str: 19    XL:     5   Next: 11%
Magic:  6/6        EV: 10    Int: 10    God:    Ashenzari [......]
Gold:   170        SH:  0    Dex:  9    Spells: 4/6 levels left

rFire    . . .     SeeInvis .     - Unarmed
rCold    . . .     Faith    .   (no shield)
rNeg     . . .     Spirit   .   a - +0 robe
rPois    .         Reflect  .   (helmet restricted)
rElec    .         Harm     .   (no cloak)
rCorr    .         Rampage  .   (gloves unavailable)
Will     .....                  (boots unavailable)
Stlth    +.........             (no amulet)
HPRegen  0.56/turn              (no ring)
MPRegen  0.10/turn              (no ring)

@: no status effects
A: large, unfitting armour, claws 3, regeneration 1, shaggy fur 1, tough skin 3
a: Renounce Religion, Curse Item


You were on level 2 of the Dungeon.
You worshipped Ashenzari.
Ashenzari was noncommittal.
You visited 1 branch of the dungeon, and saw 3 of its levels.

You collected 170 gold pieces.

Inventory:

Missiles
 d - 5 boomerangs of dispersal (quivered)
Armour
 a - a +0 robe (worn)
Jewellery
 m - an uncursed ring of protection from cold
Scrolls
 c - a scroll of blinking
 e - a scroll of immolation {unknown}
 f - a scroll of remove curse
 g - a scroll of fear {unknown}
 j - a scroll of teleportation {unknown}
 k - a scroll of fog {unknown}
Potions
 h - a potion of brilliance {unknown}
 i - 2 potions of attraction {unknown}
 l - a potion of might {unknown}


   Skills:
 + Level 2.0 Fighting
 + Level 0.8 Throwing
 + Level 2.8 Dodging
 + Level 0.3 Stealth
 + Level 3.1 Unarmed Combat
 + Level 1.4 Spellcasting
 + Level 2.8 Translocations


You had 4 spell levels left.
You knew the following spells:

 Your Spells              Type           Power        Failure   Level
a - Blink                 Tloc           N/A          16%         2

Your spell library contained the following spells:

 Spells                   Type           Power        Failure   Level
 Gell's Gravitas          Tloc           3%           30%         3
 Lesser Beckoning         Tloc           3%           30%         3
 Teleport Other           Tloc           6%           30%         3
 Passage of Golubria      Tloc           N/A          69%         4


Dungeon Overview and Level Annotations

Branches:
Dungeon (3/15)

Altars:
Ashenzari

Annotations:
D:3 Ijyb, Natasha


Innate Abilities, Weirdness & Mutations

You are too large for most types of armour.
You have claws for hands.
Your natural rate of healing is unusually fast.
You are covered in fur. (AC +1)
You have extremely tough skin. (AC +3)


Message History

Natasha glows brightly for a moment.
Natasha mumbles some strange words.
The orc warrior barely misses you.
You climb upwards.
There is a stone staircase leading down here.
You closely miss the orc warrior. You barely miss the orc warrior.
The orc warrior hits you but does no damage.
You claw the orc warrior!
The orc warrior is moderately wounded.
The orc warrior hits you with a +0 hand axe!!
You scratch the orc warrior.
The orc warrior is heavily wounded.
The orc warrior hits you with a +0 hand axe!
You claw the orc warrior!
The orc warrior is almost dead.
The orc warrior hits you with a +0 hand axe!
* * * LOW HITPOINT WARNING * * *
The orc warrior hits you with a +0 hand axe!!
You die...

.........#...#.#.#.##.#
.................#.##.#
.........#.###.#.#.##.#
.........#.....#.#.##.#
.........#.#####.#.##.#
##########.......#.##.# #
#.#######.##.# #
#.#...#...##.#
##########.##^.#@####.#
...............o># #.#
#.########.##..######.###
#.# #.##...........# #.#
#.##.########### #.#
#####.........# #.#
#........#.##.# #.#
#.######.#.##.#
#.####.#### #.#....#


You could see an orc warrior.

Vanquished Creatures
  A phantom (D:3)
  3 adders (D:2)
  A dart slug (D:2)
  An orc (D:3)
  2 goblins
  5 hobgoblins
  4 jackals (D:1)
  2 quokkas (D:2)
  A ball python (D:1)
  5 bats
  3 frilled lizards (D:2)
  4 rats
32 creatures vanquished.

Notes
Turn   | Place    | Note
-------+----------+-------------------------------------------
     0 | D:1      | Marvel the Troll Warper began the quest for the Orb.
     0 | D:1      | Reached XP level 1. HP: 19/19 MP: 1/1
   229 | D:1      | Reached XP level 2. HP: 27/27 MP: 3/3
   823 | D:2      | Learned a level 2 spell: Blink
   849 | D:2      | Found a broken altar of Ashenzari.
   901 | D:2      | Reached XP level 3. HP: 33/33 MP: 4/4
  1105 | D:2      | Found a faded altar of an unknown god.
  1752 | D:3      | Noticed Ijyb
  1770 | D:2      | Became a worshipper of Ashenzari the Shackled
  1850 | D:3      | Noticed a phantom
  1907 | D:3      | Killed a phantom
  1908 | D:3      | Reached skill level 3 in Unarmed Combat
  1908 | D:3      | Reached XP level 4. HP: 28/42 MP: 5/5
  1908 | D:3      | Reached XP level 5. HP: 33/49 MP: 6/6
  1942 | D:3      | Noticed an orc warrior
  1942 | D:3      | Noticed Natasha
  1970 | D:2      | HP: 1/49 [orc warrior/+0 hand axe (15)]
  1971 | D:2      | Demolished by an orc warrior

Illustrated notes

Levels and vault maps discovered:
D:1:      lemuel_arrival_room, layout_basic
D:2:      layout_basic, overflow_temple_1_default,
          chequers_ecumenical_altar_twisty
D:3:      layout_loops_ring, serial_aquarium, aquarium_bridge_square
          [aquarium_subvault_wall, aquarium_subvault_wall,
          aquarium_subvault_bridge, aquarium_subvault_bridge],
          aquarium_bridge_island_small [aquarium_subvault_small_water,
          aquarium_subvault_balcony, aquarium_subvault_window,
          aquarium_subvault_bridge, aquarium_subvault_wall], aquarium_window_1,
          aquarium_window_fake, aquarium_view_2b, aquarium_pool_corner,
          serial_park_tiny_pond, kennysheep_nub, uniq_ijyb, uniq_natasha,
          uniq_crazy_yiuf_cottage

Skill      XL: |  1  2  3 |
---------------+----------+-----
Dodging        | 2 |  2.8
Fighting       | 2 |  2.0
Unarmed Combat | 3 |  3.1
Throwing       | |  0.8
Stealth        | |  0.3
Spellcasting   | |  1.4
Translocations | |  2.8

Action                   |  1- 3 |  4- 6 || total
-------------------------+-------+-------++-------
Melee: Unarmed           |   115 |     5 ||   120
  Use: Scroll            |     1 |       ||     1
Armor: Robe              |    49 |     1 ||    50
Dodge: Dodged            |    67 |     1 ||    68
